Workbook
Name jk: #REF!
Name jk: #REF!
Name years_contract: [1]Kerlink!$D$5

Sheet Summary
C1: No: 0008/IRR/IBC/III/2024
C2: Product : | D2: IBS / DAS | M2: KNOWLEDGE HUB
C3: Status P&L | D3: New Building | J3: Tanggal P&L: | M3: 45371
B5: Site Information | E5: Technical Information | J5: Financial Summary
B6: Site Name | D6: Knowledge Hub | E6: IBC | K6: Capex /antenna | M6: =M11/H7 -> 15808252 | O6: =M6-'IRR with FO'!F8 -> 6808252.4
B7: Address | E7: Antena PKS BM | H7: ='IRR with FO'!$F$13 -> 103 | K7: Contract Period (thn) | M7: 10
B8: Area building | E8: Antena Asset | H8: 0 | K8: Interest rate /year | M8: ='IRR with FO'!$F$4 -> 0.1
B9: Type of building | E9: Jumlah Pole Makro | H9: 3 | K9: Kurs 1USD | M9: 0
B10: Status | E10: OPENET | K10: Total Revenue | M10: ='IRR with FO'!R27 -> 3016000000
B11: Total floor | D11: 5 | E11: Cable FO (Core) | H11: 0 | K11: Total Capex DAS | M11: ='IRR with FO'!R13+'IRR with FO'!R14 -> 1628250000
B12: No of building tower | D12: 1 | E12: Cable FO (meter) | H12: 0 | K12: Total Capex CME | M12: ='IRR with FO'!R15 -> 263000000
K13: Total COGS Rent
E14: Drop Wire (meter) | H14: 0 | K14: Total COGS Other | M14: ='IRR with FO'!R34 -> 4.1280403e+08
E15: OTHERS | K15: IRR | M15: ='IRR with FO'!$F$50 -> Positive
K16: NPV | M16: ='IRR with FO'!$F$51 -> 5.0568495e+08
K17: EBITDA margin | M17: ='IRR with FO'!$F$52 -> 0.86312864
K18: Payback (year) | M18: ='IRR with FO'!$F$53 -> 0
B20: Target to Achieve by Commercial: | L20: Prepared by
B21: Revenue | D21: : Min 2 tenants in Year 3 (Asumsi 1st Year 2 tenant) | L21: Citra K.
D22: : Semua Capex milik BM (Direimburse ke BM)
D23: : Konsep Manage Service (Reimburse Sparepart)
D24: : TOP Capex BM ke IBS min 2x (thn 1 dan 2)
B26: Approved by

Sheet Summary2
C2: Product : | D2: IBS / DAS | M2: =D6 -> ArtOtel Grand Wisata
C3: Status P&L | D3: New Building | J3: Tanggal P&L: | M3: 45621
B5: Site Information | E5: Technical Information | J5: Financial Summary
B6: Site Name | D6: ArtOtel Grand Wisata | E6: IBC | K6: Capex /antenna | M6: ='IRR '!G13/H7 -> 4781364
B7: Address | E7: Antena PKS BM | H7: 50 | K7: Contract Period (thn) | M7: 5
B8: Area building | E8: Antena Asset | H8: 0 | K8: Interest rate /year | M8: ='IRR with FO'!$F$4 -> 0.1
B9: Type of building | E9: Jumlah Pole Makro | K9: Kurs 1USD | M9: 0
B10: Status | E10: OPENET | K10: Total Revenue | M10: ='IRR '!R31 -> 394928430
B11: Total floor | D11: 12 | E11: Cable FO (Core) | H11: 0 | K11: Total Capex DAS | M11: ='IRR '!G13 -> 239068200
K12: Total FO Backbone | M12: ='IRR '!G14 -> 0
B13: No of building tower | D13: 1 | E13: Cable FO (meter) | H13: 0 | K13: Total Capex Repeater | M13: ='IRR '!G15 -> 0
K14: Total Capex CME
K15: Total COGS Rent
E16: Drop Wire (meter) | H16: 0 | K16: Total COGS Other | M16: ='IRR '!R39 -> 20000000
E17: OTHERS | K17: IRR | M17: ='IRR '!F55 -> 0.33388789
K18: NPV | M18: ='IRR '!F56 -> 35803166
K19: EBITDA margin | M19: ='IRR '!F57 -> 0.94935791
K20: Payback (year) | M20: ='IRR '!F58 -> 1.6944903
B22: Target to Achieve by Commercial: | L22: Prepared by
C23: Aset milik Gedung | L23: Citra K.
C24: One Time Charge
B28: Approved by

Sheet IRR with FO
B1: NO : | C1: 0008/IRR/IBC/III/2024 | R1: =Summary!$D$6 -> Knowledge Hub
B2: General Asumption
C3: Tax Rate | F3: 0.02
C4: Interest Rate | F4: 0.1
C5: SG&A | F5: 0.02 | G5: Increase every year, start based 50 mio
C6: BHPUSO | F6: 0 | G6: from Revenues
C7: Price Adjustment after 5 year | F7: 0.15
C8: Capex per antenna | F8: 9000000
C9: Migrasi per operator | F9: 150000000
G11: Y1 | H11: Y2 | I11: Y3 | J11: Y4 | K11: Y5 | L11: Y6 | M11: Y6 | N11: Y7 | O11: Y8 | P11: Y9 | Q11: Y10 | R11: Total
B12: CAPEX
B13: Total CAPEX | E13: DAS | F13: 103 | G13: =($F$13*$F$8) -> 927000000 | H13: 0 | I13: 0 | J13: 0 | R13: =SUM(G13:Q13) -> 927000000
E14: FO Backbone | G14: 701250000 | R14: =SUM(G14:Q14) -> 701250000
E15: Repeater | G15: 263000000 | R15: =SUM(G15:Q15) -> 263000000
R16: =SUM(R13:R15) -> 1891250000
B18: IRR Calculation | G18: 2024 | H18: 2025 | I18: 2026 | J18: 2027 | K18: 2028 | L18: =K18+1 -> 2029 | M18: =L18+1 -> 2030 | N18: =M18+1 -> 2031 | O18: =N18+1 -> 2032 | P18: =O18+1 -> 2033 | Q18: =P18+1 -> 2034 | R18: Total
B19: Months of Service | G19: 12 | H19: 12 | I19: 12 | J19: 12 | K19: 12 | L19: 12 | M19: 12 | N19: 12 | O19: 12 | P19: 12 | Q19: 12
B20: % increase (decrease) | M20: 0.1
B22: Revenues
C23: Bill to BM DAS | G23: =1000000000*95% -> 950000000 | H23: =1000000000-G23 -> 50000000 | J23: =$K$3 -> 0 | K23: =$K$3 -> 0 | L23: =$K$3 -> 0 | M23: =$K$3 -> 0 | N23: =$K$3*(1-$L$3) -> 0 | O23: =$K$3*(1-$L$3) -> 0 | P23: =$K$3*(1-$L$3) -> 0 | Q23: =$K$3*(1-$L$3) -> 0 | R23: =SUM($G23:Q23) -> 1000000000
C24: Manage service | G24: =85000000*2/2 -> 85000000 | H24: =85000000*2 -> 170000000 | I24: =H24 -> 170000000 | J24: =I24 -> 170000000 | K24: =J24 -> 170000000 | L24: =K24/2 -> 85000000 | M24: =$K$4 -> 0 | N24: =$K$4 -> 0 | O24: =$K$4 -> 0 | P24: =$K$4*(1-$L$4) -> 0 | Q24: =$K$4*(1-$L$4) -> 0 | R24: =SUM($G24:Q24) -> 850000000
C25: Bill to BM FO | G25: =866000000*95% -> 822700000 | H25: =866000000-G25 -> 43300000 | J25: =$K$5 -> 0 | K25: =$K$5 -> 0 | L25: =$K$5 -> 0 | M25: =$K$5 -> 0 | N25: =$K$5 -> 0 | O25: =$K$5*(1-$L$5) -> 0 | P25: =$K$5*(1-$L$5) -> 0 | Q25: =$K$5*(1-$L$5) -> 0 | R25: =SUM($G25:Q25) -> 866000000 | T25: =S25/G15 -> 0
C26: Bill to BM Repeater | G26: =300000000*95% -> 285000000 | H26: =300000000-G26 -> 15000000 | R26: =SUM($G26:Q26) -> 300000000
B27: Total Revenues | G27: =SUM(G23:G26) -> 2142700000 | H27: =SUM(H23:H26) -> 278300000 | I27: =SUM(I23:I26) -> 170000000 | J27: =SUM(J23:J26) -> 170000000 | K27: =SUM(K23:K26) -> 170000000 | L27: =SUM(L23:L26) -> 85000000 | M27: =SUM(M23:M26) -> 0 | N27: =SUM(N23:N26) -> 0 | ... R27: =SUM(R23:R26) -> 3016000000 | S27: =SUM(G27:Q27)-R27 -> 0
B29: OPEX
C30: Electricity
C31: Maintenance (Asumsi 1Dedicated) | G31: =(2500000*12)/2 -> 15000000 | H31: =2500000*12 -> 30000000 | I31: =H31 -> 30000000 | J31: =I31 -> 30000000 | K31: =J31 -> 30000000 | L31: =K31/2 -> 15000000 | R31: =SUM($G31:Q31) -> 150000000
R32: =SUM($G32:Q32) -> 0
C33: SG&A | G33: =PARAMETER!B14/2 -> 25000000 | H33: =PARAMETER!C14 -> 51000000 | I33: =PARAMETER!D14 -> 52020000 | J33: =PARAMETER!E14 -> 53060400 | K33: =PARAMETER!F14 -> 54121608 | L33: =PARAMETER!G14/2 -> 27602020 | R33: =SUM($G33:Q33) -> 2.6280403e+08
B34: Total OPEX | G34: =SUM(G31:G33) -> 40000000 | H34: =SUM(H31:H33) -> 81000000 | I34: =SUM(I31:I33) -> 82020000 | J34: =SUM(J31:J33) -> 83060400 | K34: =SUM(K31:K33) -> 84121608 | L34: =SUM(L31:L33) -> 42602020 | M34: =SUM(M31:M33) -> 0 | N34: =SUM(N31:N33) -> 0 | ... R34: =SUM(R31:R33) -> 4.1280403e+08 | S34: =SUM(G34:Q34)-R34 -> 0
B35: Total EBITDA | G35: =G27-G34 -> 2102700000 | H35: =H27-H34 -> 197300000 | I35: =I27-I34 -> 87980000 | J35: =J27-J34 -> 86939600 | K35: =K27-K34 -> 85878392 | L35: =L27-L34 -> 42397980 | M35: =M27-M34 -> 0 | N35: =N27-N34 -> 0 | ... R35: =R27-R34 -> 2.603196e+09 | S35: =SUM(G35:Q35)-R35 -> 0
B36: Ebitda margin | H36: =H35/H27 -> 0.70894718 | I36: =I35/I27 -> 0.51752941 | J36: =J35/J27 -> 0.51140941 | K36: =K35/K27 -> 0.50516701 | L36: =L35/L27 -> 0.49879976 | M36: =M35/M27 -> #DIV/0! | N36: =N35/N27 -> #DIV/0! | O36: =O35/O27 -> #DIV/0! | ... R36: =R35/R27 -> 0.86312864
B38: Depreciation Expense | H38: =H66 -> 0 | I38: =I66 -> 0 | J38: =J66 -> 0 | K38: =K66 -> 0 | L38: =L66 -> 0 | M38: =M66 -> 0 | N38: =N66 -> 0 | O38: =O66 -> 0 | ... Q38: =Q66 -> 0 | R38: =SUM($G38:Q38) -> 0
B39: Total EBIT | G39: =G35-G38 -> 2102700000 | H39: =H35-H38 -> 197300000 | I39: =I35-I38 -> 87980000 | J39: =J35-J38 -> 86939600 | K39: =K35-K38 -> 85878392 | L39: =L35-L38 -> 42397980 | M39: =M35-M38 -> 0 | N39: =N35-N38 -> 0 | ... R39: =R35-R38 -> 2.603196e+09 | S39: =SUM(G39:Q39)-R39 -> 0
B40: Interest Expense | H40: =PARAMETER!B$5 -> 13148751 | I40: =PARAMETER!C$5 -> 23667752 | J40: =PARAMETER!D$5 -> 18408251 | K40: =PARAMETER!E$5 -> 13148751 | L40: =PARAMETER!F$5 -> 7889250.6 | R40: =SUM($G40:Q40) -> 76262756
B41: EBT | G41: =G39-G40 -> 2102700000 | H41: =H39-H40 -> 184151249 | I41: =I39-I40 -> 64312248 | J41: =J39-J40 -> 68531349 | K41: =K39-K40 -> 72729641 | L41: =L39-L40 -> 34508729 | M41: =M39-M40 -> 0 | N41: =N39-N40 -> 0 | ... Q41: =Q39-Q40 -> 0 | R41: =SUM($G41:Q41) -> 2.5269332e+09 | S41: =SUM(G41:Q41)-R41 -> 0
B42: Tax Expense | G42: =IF(G41<0,0,G41*$F$3) -> 42054000 | H42: =IF(H41<0,0,H41*$F$3) -> 3683025 | I42: =IF(I41<0,0,I41*$F$3) -> 1286245 | J42: =IF(J41<0,0,J41*$F$3) -> 1370627 | K42: =IF(K41<0,0,K41*$F$3) -> 1454592.8 | L42: =IF(L41<0,0,L41*$F$3) -> 690174.59 | M42: =IF(M41<0,0,M41*$F$3) -> 0 | N42: =IF(N41<0,0,N41*$F$3) -> 0 | ... Q42: =IF(Q41<0,0,Q41*$F$3) -> 0 | R42: =SUM($G42:Q42) -> 50538664
B43: Net Income | G43: =G41-G42 -> 2060646000 | H43: =H41-H42 -> 1.8046822e+08 | I43: =I41-I42 -> 63026003 | J43: =J41-J42 -> 67160722 | K43: =K41-K42 -> 71275048 | L43: =L41-L42 -> 33818555 | M43: =M41-M42 -> 0 | N43: =N41-N42 -> 0 | ... R43: =R41-R42 -> 2.4763946e+09 | S43: =SUM(G43:Q43)-R43 -> 0
B45: Capex | G45: =-G13+-G15+-G14 -> -1891250000 | H45: =-H15 -> 0 | I45: =-I15 -> 0 | J45: =-J15 -> 0 | K45: =-K15 -> 0 | L45: =-L15 -> 0 | M45: =-M15 -> 0 | N45: =-N15 -> 0 | O45: =-O15 -> 0 | ... Q45: =-Q15 -> 0 | R45: =SUM($G$45:Q45) -> -1891250000
B46: FCFF | G46: =G45+G43+G38 -> 169396000 | H46: =H45+H43+H38 -> 1.8046822e+08 | I46: =I45+I43+I38 -> 63026003 | J46: =J45+J43+J38 -> 67160722 | K46: =K45+K43+K38 -> 71275048 | L46: =L45+L43+L38 -> 33818555 | M46: =M45+M43+M38 -> 0 | N46: =N45+N43+N38 -> 0 | ... Q46: =Q45+Q43+Q38 -> 0 | R46: =SUM($G$46:Q46) -> 5.8514455e+08
B47: Accumulated FCF | G47: =F47+G46 -> 169396000 | H47: =G47+H46 -> 3.4986422e+08 | I47: =H47+I46 -> 4.1289023e+08 | J47: =I47+J46 -> 4.8005095e+08 | K47: =J47+K46 -> 5.51326e+08 | L47: =K47+L46 -> 5.8514455e+08 | M47: =L47+M46 -> 5.8514455e+08 | N47: =M47+N46 -> 5.8514455e+08 | ... Q47: =P47+Q46 -> 5.8514455e+08
B48: PBP | G48: =IF(AND(F47<0,G47>0),H54-(G47/G46),0) -> 0 | H48: =IF(AND(G47<0,H47>0),I54-(H47/H46),0) -> 0 | I48: =IF(AND(H47<0,I47>0),J54-(I47/I46),0) -> 0 | J48: =IF(AND(I47<0,J47>0),K54-(J47/J46),0) -> 0 | K48: =IF(AND(J47<0,K47>0),L54-(K47/K46),0) -> 0 | L48: =IF(AND(K47<0,L47>0),M54-(L47/L46),0) -> 0 | M48: =IF(AND(L47<0,M47>0),N54-(M47/M46),0) -> 0 | N48: =IF(AND(M47<0,N47>0),O54-(N47/N46),0) -> 0 | O48: =IF(AND(N47<0,O47>0),P54-(O47/O46),0) -> 0 | Q48: =IF(AND(O47<0,Q47>0),R54-(Q47/Q46),0) -> 0
B50: IRR | F50: Positive
B51: NPV | F51: =NPV(F4,H46:Q46)+G46 -> 5.0568495e+08
B52: EBITDA margin | F52: =R36 -> 0.86312864
B53: Payback | F53: =SUM(G48:Q48) -> 0
H54: 1 | I54: 2 | J54: 3 | K54: 4 | L54: 5 | M54: 6 | N54: 7 | O54: 8 | P54: 9 | Q54: 10
B55: Depreciation Calculation | E55: no of Year depreciated | H55: =H18 -> 2025 | I55: =I18 -> 2026 | J55: =J18 -> 2027 | K55: =K18 -> 2028 | L55: =L18 -> 2029 | M55: =M18 -> 2030 | N55: =N18 -> 2031 | O55: =O18 -> 2032 | ... Q55: =Q18 -> 2034 | R55: Total
D56: Year 1 | E56: 5 | R56: =SUM($G56:Q56) -> 0
D57: Year 2 | E57: 4 | I57: =I15/E57 -> 0 | J57: =I57 -> 0 | K57: =J57 -> 0 | L57: =K57 -> 0 | M57: =L57 -> 0 | N57: =M57 -> 0 | O57: =N57 -> 0 | P57: =O57 -> 0 | Q57: =P57 -> 0 | R57: =SUM($G57:Q57) -> 0
D58: Year 3 | E58: 3 | J58: =J15/$E58 -> 0 | K58: =J58 -> 0 | L58: =K58 -> 0 | M58: =L58 -> 0 | N58: =M58 -> 0 | O58: =N58 -> 0 | P58: =O58 -> 0 | Q58: =P58 -> 0 | R58: =SUM($G58:Q58) -> 0
D59: Year 4 | E59: 2 | K59: =K15/$E59 -> 0 | L59: =K59 -> 0 | M59: =L59 -> 0 | N59: =M59 -> 0 | O59: =N59 -> 0 | P59: =O59 -> 0 | Q59: =P59 -> 0 | R59: =SUM($G59:Q59) -> 0
D60: Year 5 | E60: 1 | L60: =K$13/$E60 -> 0 | M60: =L60 -> 0 | N60: =M60 -> 0 | O60: =N60 -> 0 | P60: =O60 -> 0 | R60: =SUM($G60:Q60) -> 0
D61: Year 6 | E61: 5 | M61: =L$13/$E61 -> 0 | N61: =M61 -> 0 | O61: =N61 -> 0 | P61: =O61 -> 0 | R61: =SUM($G61:Q61) -> 0
D62: Year 7 | E62: 4 | N62: =M$13/$E62 -> 0 | O62: =N62 -> 0 | P62: =O62 -> 0 | R62: =SUM($G62:Q62) -> 0
D63: Year 8 | E63: 3 | O63: =N$13/$E63 -> 0 | P63: =O63 -> 0 | R63: =SUM($G63:Q63) -> 0
D64: Year 9 | E64: 2 | P64: =O$13/$E64 -> 0 | R64: =SUM($G64:Q64) -> 0
D65: Year 10 | E65: 1 | R65: =SUM($G65:Q65) -> 0
B66: Total Depreciation | H66: =SUM(H56:H65) -> 0 | I66: =SUM(I56:I65) -> 0 | J66: =SUM(J56:J65) -> 0 | K66: =SUM(K56:K65) -> 0 | L66: =SUM(L56:L65) -> 0 | M66: =SUM(M56:M65) -> 0 | N66: =SUM(N56:N65) -> 0 | O66: =SUM(O56:O65) -> 0 | ... R66: =SUM(R56:R65) -> 0

Sheet IRR 
B1: NO : | R1: =Summary2!D6 -> ArtOtel Grand Wisata
B2: General Asumption
C3: Tax Rate | F3: 0.02
C4: Interest Rate | F4: 0.11
C5: SG&A | F5: 0.02 | G5: Increase every year, start based 50 mio
C6: BHPUSO | F6: 0 | G6: from Revenues
C7: Price Adjustment after 5 year | F7: 0.15
C8: Capex per antenna | F8: 9000000
C9: Migrasi per operator | F9: 150000000
G11: Y0 | H11: Y2 | I11: Y3 | J11: Y4 | K11: Y5 | L11: Y6 | M11: Y6 | N11: Y7 | O11: Y8 | P11: Y9 | Q11: Y10 | R11: Total
B12: CAPEX
B13: Total CAPEX | E13: DAS | F13: 50 | G13: ='BOQ Liwo Grand Wisata'!I86 -> 239068200 | H13: 0 | I13: 0 | J13: 0 | R13: =SUM(G13:Q13) -> 239068200
E14: FO Backbone | G14: =50000000*0 -> 0 | R14: =SUM(G14:Q14) -> 0
E15: Repeater | G15: =264450000*0 -> 0 | R15: =SUM(G15:Q15) -> 0
R16: =SUM(R13:R15) -> 239068200
B18: IRR Calculation | H18: 2025 | I18: 2026 | J18: 2027 | K18: 2028 | L18: =K18+1 -> 2029 | M18: =L18+1 -> 2030 | N18: =M18+1 -> 2031 | O18: =N18+1 -> 2032 | P18: =O18+1 -> 2033 | Q18: =P18+1 -> 2034 | R18: Total
B19: Months of Service | G19: 12 | H19: 12 | I19: 12 | J19: 12 | K19: 12 | L19: 12 | M19: 12 | N19: 12 | O19: 12 | P19: 12 | Q19: 12
B20: % increase (decrease) | M20: 0.1
B22: Revenues
G23: =1000000000*95%*0 -> 0 | J23: =$K$3 -> 0 | K23: =$K$3 -> 0 | L23: =$K$3 -> 0 | M23: =$K$3 -> 0 | N23: =$K$3*(1-$L$3) -> 0 | O23: =$K$3*(1-$L$3) -> 0 | P23: =$K$3*(1-$L$3) -> 0 | Q23: =$K$3*(1-$L$3) -> 0 | R23: =SUM(G23:L23) -> 0
C24: Capex | H24: =R16*115% -> 274928430 | M24: =$K$4 -> 0 | N24: =$K$4 -> 0 | O24: =$K$4 -> 0 | P24: =$K$4*(1-$L$4) -> 0 | Q24: =$K$4*(1-$L$4) -> 0 | R24: =SUM(G24:L24) -> 274928430
C25: Manage service | H25: =(2000000*60) -> 120000000 | R25: =SUM(G25:L25) -> 120000000
R26: =SUM(G26:L26) -> 0
R27: =SUM(G27:L27) -> 0
G28: =866000000*95%*0 -> 0 | H28: =(866000000-G28)*0 -> 0 | J28: =$K$5 -> 0 | K28: =$K$5 -> 0 | L28: =$K$5 -> 0 | M28: =$K$5 -> 0 | N28: =$K$5 -> 0 | O28: =$K$5*(1-$L$5) -> 0 | P28: =$K$5*(1-$L$5) -> 0 | Q28: =$K$5*(1-$L$5) -> 0 | R28: =SUM(G28:L28) -> 0
G29: =300000000*95%*0 -> 0 | H29: =(300000000-G29)*0 -> 0 | R29: =SUM(G29:L29) -> 0
R30: =SUM(G30:L30) -> 0
B31: Total Revenues | G31: =SUM(G23:G30) -> 0 | H31: =SUM(H23:H30) -> 394928430 | I31: =SUM(I23:I30) -> 0 | J31: =SUM(J23:J30) -> 0 | K31: =SUM(K23:K30) -> 0 | L31: =SUM(L23:L30) -> 0 | M31: =SUM(M23:M30) -> 0 | N31: =SUM(N23:N30) -> 0 | ... R31: =SUM(R23:R30) -> 394928430
B33: OPEX
C34: Electricity | R34: =SUM($G34:Q34) -> 0
C35: Maintenance (CM and PM) | R35: =SUM($G35:Q35) -> 0
C36: Rev Share Tsel to BM 90% | I36: =I26*90% -> 0 | J36: =J26*90% -> 0 | K36: =K26*90% -> 0 | L36: =L26*90% -> 0 | R36: =SUM($G36:Q36) -> 0
C37: Rev Share XL to BM 90% | I37: =I27*90% -> 0 | J37: =I37 -> 0 | K37: =J37 -> 0 | L37: =K37 -> 0 | R37: =SUM($G37:Q37) -> 0
C38: SG&A | H38: 20000000 | R38: =SUM($G38:Q38) -> 20000000
B39: Total OPEX | G39: =SUM(G34:G38) -> 0 | H39: =SUM(H34:H38) -> 20000000 | I39: =SUM(I34:I38) -> 0 | J39: =SUM(J34:J38) -> 0 | K39: =SUM(K34:K38) -> 0 | L39: =SUM(L34:L38) -> 0 | M39: =SUM(M35:M38) -> 0 | N39: =SUM(N35:N38) -> 0 | O39: =SUM(O35:O38) -> 0 | P39: =SUM(P35:P38) -> 0 | Q39: =SUM(Q35:Q38) -> 0 | R39: =SUM(R34:R38) -> 20000000
B40: Total EBITDA | G40: =G31-G39 -> 0 | H40: =H31-H39 -> 374928430 | I40: =I31-I39 -> 0 | J40: =J31-J39 -> 0 | K40: =K31-K39 -> 0 | L40: =L31-L39 -> 0 | M40: =M31-M39 -> 0 | N40: =N31-N39 -> 0 | ... R40: =R31-R39 -> 374928430
B41: Ebitda margin | H41: =H40/H31 -> 0.94935791 | I41: =I40/I31 -> #DIV/0! | J41: =J40/J31 -> #DIV/0! | K41: =K40/K31 -> #DIV/0! | L41: =L40/L31 -> #DIV/0! | M41: =M40/M31 -> #DIV/0! | N41: =N40/N31 -> #DIV/0! | O41: =O40/O31 -> #DIV/0! | ... R41: =R40/R31 -> 0.94935791
B43: Depreciation Expense | H43: =H71 -> 0 | I43: =I71 -> 0 | J43: =J71 -> 0 | K43: =K71 -> 0 | L43: =L71 -> 0 | M43: =M71 -> 0 | N43: =N71 -> 0 | O43: =O71 -> 0 | ... Q43: =Q71 -> 0 | R43: =SUM($G43:Q43) -> 0
B44: Total EBIT | G44: =G40-G43 -> 0 | H44: =H40-H43 -> 374928430 | I44: =I40-I43 -> 0 | J44: =J40-J43 -> 0 | K44: =K40-K43 -> 0 | L44: =L40-L43 -> 0 | M44: =M40-M43 -> 0 | N44: =N40-N43 -> 0 | ... R44: =R40-R43 -> 374928430
B45: Interest Expense | H45: =PARAMETER!C5 -> 23667752 | I45: =PARAMETER!D5 -> 18408251 | J45: =PARAMETER!E5 -> 13148751 | K45: =PARAMETER!F5 -> 7889250.6 | L45: =PARAMETER!G5 -> 2629750.2 | R45: =SUM($G45:Q45) -> 65743755
B46: EBT | G46: =G44-G45 -> 0 | H46: =H44-H45 -> 3.5126068e+08 | I46: =I44-I45 -> -18408251 | J46: =J44-J45 -> -13148751 | K46: =K44-K45 -> -7889250.6 | L46: =L44-L45 -> -2629750.2 | M46: =M44-M45 -> 0 | N46: =N44-N45 -> 0 | ... Q46: =Q44-Q45 -> 0 | R46: =SUM($G46:Q46) -> 309184675
B47: Tax Expense | G47: =IF(G46<0,0,G46*$F$3) -> 0 | H47: =IF(H46<0,0,H46*$F$3) -> 7025213.6 | I47: =IF(I46<0,0,I46*$F$3) -> 0 | J47: =IF(J46<0,0,J46*$F$3) -> 0 | K47: =IF(K46<0,0,K46*$F$3) -> 0 | L47: =IF(L46<0,0,L46*$F$3) -> 0 | M47: =IF(M46<0,0,M46*$F$3) -> 0 | N47: =IF(N46<0,0,N46*$F$3) -> 0 | ... Q47: =IF(Q46<0,0,Q46*$F$3) -> 0 | R47: =SUM($G47:Q47) -> 7025213.6
B48: Net Income | G48: =G46-G47 -> 0 | H48: =H46-H47 -> 3.4423546e+08 | I48: =I46-I47 -> -18408251 | J48: =J46-J47 -> -13148751 | K48: =K46-K47 -> -7889250.6 | L48: =L46-L47 -> -2629750.2 | M48: =M46-M47 -> 0 | N48: =N46-N47 -> 0 | ... R48: =R46-R47 -> 3.0215946e+08
B50: Capex | G50: =-G13+-G15+-G14 -> -239068200 | I50: =-I16 -> 0 | J50: =-J15 -> 0 | K50: =-K15 -> 0 | L50: =-L15 -> 0 | M50: =-M15 -> 0 | N50: =-N15 -> 0 | O50: =-O15 -> 0 | P50: =-P15 -> 0 | Q50: =-Q15 -> 0 | R50: =SUM($G$50:Q50) -> -239068200
B51: FCFF | G51: =G50+G48+G43 -> -239068200 | H51: =H50+H48+H43 -> 3.4423546e+08 | I51: =I50+I48+I43 -> -18408251 | J51: =J50+J48+J43 -> -13148751 | K51: =K50+K48+K43 -> -7889250.6 | L51: =L50+L48+L43 -> -2629750.2 | M51: =M50+M48+M43 -> 0 | N51: =N50+N48+N43 -> 0 | ... Q51: =Q50+Q48+Q43 -> 0 | R51: =SUM($G$51:Q51) -> 63091261
B52: Accumulated FCF | G52: =F52+G51 -> -239068200 | H52: =G52+H51 -> 1.0516726e+08 | I52: =H52+I51 -> 86759013 | J52: =I52+J51 -> 73610262 | K52: =J52+K51 -> 65721012 | L52: =K52+L51 -> 63091261 | M52: =L52+M51 -> 63091261 | N52: =M52+N51 -> 63091261 | ... Q52: =P52+Q51 -> 63091261
B53: PBP | G53: =IF(AND(F52<0,G52>0),H59-(G52/G51),0) -> 0 | H53: =IF(AND(G52<0,H52>0),I59-(H52/H51),0) -> 1.6944903 | I53: =IF(AND(H52<0,I52>0),J59-(I52/I51),0) -> 0 | J53: =IF(AND(I52<0,J52>0),K59-(J52/J51),0) -> 0 | K53: =IF(AND(J52<0,K52>0),L59-(K52/K51),0) -> 0 | L53: =IF(AND(K52<0,L52>0),M59-(L52/L51),0) -> 0 | M53: =IF(AND(L52<0,M52>0),N59-(M52/M51),0) -> 0 | N53: =IF(AND(M52<0,N52>0),O59-(N52/N51),0) -> 0 | O53: =IF(AND(N52<0,O52>0),P59-(O52/O51),0) -> 0 | Q53: =IF(AND(O52<0,Q52>0),R59-(Q52/Q51),0) -> 0
B55: IRR | F55: =IRR(G51:L51) -> 0.33388789
B56: NPV | F56: =NPV(F4,G51:Q51)+F51 -> 35803166
B57: EBITDA margin | F57: =R41 -> 0.94935791
B58: Payback | F58: =SUM(G53:Q53) -> 1.6944903
H59: 1 | I59: 2 | J59: 3 | K59: 4 | L59: 5 | M59: 6 | N59: 7 | O59: 8 | P59: 9 | Q59: 10
B60: Depreciation Calculation | E60: no of Year depreciated | G60: =G18 -> 0 | H60: =H18 -> 2025 | I60: =I18 -> 2026 | J60: =J18 -> 2027 | K60: =K18 -> 2028 | L60: =L18 -> 2029 | M60: =M18 -> 2030 | N60: =N18 -> 2031 | ... Q60: =Q18 -> 2034 | R60: Total
D61: Year 1 | E61: 5 | H61: =(R16/E61)*0 -> 0 | I61: =H61 -> 0 | J61: =I61 -> 0 | K61: =J61 -> 0 | L61: =K61 -> 0 | R61: =SUM($G61:Q61) -> 0
D62: Year 2 | E62: 4 | I62: =I15/E62 -> 0 | J62: =I62 -> 0 | K62: =J62 -> 0 | L62: =K62 -> 0 | M62: =L62 -> 0 | N62: =M62 -> 0 | O62: =N62 -> 0 | P62: =O62 -> 0 | Q62: =P62 -> 0 | R62: =SUM($G62:Q62) -> 0
D63: Year 3 | E63: 3 | J63: =J15/$E63 -> 0 | K63: =J63 -> 0 | L63: =K63 -> 0 | M63: =L63 -> 0 | N63: =M63 -> 0 | O63: =N63 -> 0 | P63: =O63 -> 0 | Q63: =P63 -> 0 | R63: =SUM($G63:Q63) -> 0
D64: Year 4 | E64: 2 | K64: =K15/$E64 -> 0 | L64: =K64 -> 0 | M64: =L64 -> 0 | N64: =M64 -> 0 | O64: =N64 -> 0 | P64: =O64 -> 0 | Q64: =P64 -> 0 | R64: =SUM($G64:Q64) -> 0
D65: Year 5 | E65: 1 | L65: =K$13/$E65 -> 0 | M65: =L65 -> 0 | N65: =M65 -> 0 | O65: =N65 -> 0 | P65: =O65 -> 0 | R65: =SUM($G65:Q65) -> 0
D66: Year 6 | E66: 5 | M66: =L$13/$E66 -> 0 | N66: =M66 -> 0 | O66: =N66 -> 0 | P66: =O66 -> 0 | R66: =SUM($G66:Q66) -> 0
D67: Year 7 | E67: 4 | N67: =M$13/$E67 -> 0 | O67: =N67 -> 0 | P67: =O67 -> 0 | R67: =SUM($G67:Q67) -> 0
D68: Year 8 | E68: 3 | O68: =N$13/$E68 -> 0 | P68: =O68 -> 0 | R68: =SUM($G68:Q68) -> 0
D69: Year 9 | E69: 2 | P69: =O$13/$E69 -> 0 | R69: =SUM($G69:Q69) -> 0
D70: Year 10 | E70: 1 | R70: =SUM($G70:Q70) -> 0
B71: Total Depreciation | H71: =SUM(H61:H70) -> 0 | I71: =SUM(I61:I70) -> 0 | J71: =SUM(J61:J70) -> 0 | K71: =SUM(K61:K70) -> 0 | L71: =SUM(L61:L70) -> 0 | M71: =SUM(M61:M70) -> 0 | N71: =SUM(N61:N70) -> 0 | O71: =SUM(O61:O70) -> 0 | ... R71: =SUM(R61:R70) -> 0

Sheet IRR with FO Oprt Berbayar
B1: NO : | C1: 0008/IRRK/IBC/III/2024 | R1: =Summary!$D$6 -> Knowledge Hub
B2: General Asumption
C3: Tax Rate | F3: 0.02
C4: Interest Rate | F4: 0.1
C5: SG&A | F5: 0.02 | G5: Increase every year, start based 50 mio
C6: BHPUSO | F6: 0 | G6: from Revenues
C7: Price Adjustment after 5 year | F7: 0.15
C8: Capex per antenna | F8: 9000000
C9: Migrasi per operator | F9: 150000000
G11: Y1 | H11: Y2 | I11: Y3 | J11: Y4 | K11: Y5 | L11: Y6 | M11: Y6 | N11: Y7 | O11: Y8 | P11: Y9 | Q11: Y10 | R11: Total
B12: CAPEX
B13: Total CAPEX | E13: DAS | F13: 103 | G13: 848780133 | H13: 0 | I13: 0 | J13: 0 | R13: =SUM(G13:Q13) -> 848780133
E14: FO Backbone | G14: 701250000 | R14: =SUM(G14:Q14) -> 701250000
E15: Repeater | G15: 264450000 | R15: =SUM(G15:Q15) -> 264450000
E16: CME | I16: =75000000*2 -> 150000000 | R16: =SUM(G16:Q16) -> 150000000
R17: =SUM(R13:R16) -> 1964480133
B18: IRR Calculation | G18: 2024 | H18: 2025 | I18: 2026 | J18: 2027 | K18: 2028 | L18: =K18+1 -> 2029 | M18: =L18+1 -> 2030 | N18: =M18+1 -> 2031 | O18: =N18+1 -> 2032 | P18: =O18+1 -> 2033 | Q18: =P18+1 -> 2034 | R18: Total
B19: Months of Service | G19: 12 | H19: 12 | I19: 12 | J19: 12 | K19: 12 | L19: 12 | M19: 12 | N19: 12 | O19: 12 | P19: 12 | Q19: 12
B20: % increase (decrease) | M20: 0.1
B22: Revenues
C23: Bill to BM DAS | G23: =1000000000*95% -> 950000000 | H23: =1000000000-G23 -> 50000000 | J23: =$K$3 -> 0 | K23: =$K$3 -> 0 | L23: =$K$3 -> 0 | M23: =$K$3 -> 0 | N23: =$K$3*(1-$L$3) -> 0 | O23: =$K$3*(1-$L$3) -> 0 | P23: =$K$3*(1-$L$3) -> 0 | Q23: =$K$3*(1-$L$3) -> 0 | R23: =SUM(G23:L23) -> 1000000000 | S23: =G13/R23 -> 0.84878013
C24: Manage service 2 Operator tdk berbayar | G24: =85000000/2*2 -> 85000000 | H24: =85000000*2 -> 170000000 | M24: =$K$4 -> 0 | N24: =$K$4 -> 0 | O24: =$K$4 -> 0 | P24: =$K$4*(1-$L$4) -> 0 | Q24: =$K$4*(1-$L$4) -> 0 | R24: =SUM(G24:L24) -> 255000000
C25: Manage service 2 Operator berbayar (BTS masuk) | I25: =53000000*2+4000000*2*2 -> 122000000 | J25: =I25 -> 122000000 | K25: =J25 -> 122000000 | L25: =K25 -> 122000000 | R25: =SUM(G25:L25) -> 488000000
C26: Rev. Tsel | I26: 300000000 | J26: =I26 -> 300000000 | K26: =J26 -> 300000000 | L26: =K26 -> 300000000 | R26: =SUM(G26:L26) -> 1200000000
C27: Rev. XL | I27: 150000000 | J27: 150000000 | K27: 150000000 | L27: 150000000 | R27: =SUM(G27:L27) -> 600000000
C28: Bill to BM FO | G28: =866000000*95% -> 822700000 | H28: =866000000-G28 -> 43300000 | J28: =$K$5 -> 0 | K28: =$K$5 -> 0 | L28: =$K$5 -> 0 | M28: =$K$5 -> 0 | N28: =$K$5 -> 0 | O28: =$K$5*(1-$L$5) -> 0 | P28: =$K$5*(1-$L$5) -> 0 | Q28: =$K$5*(1-$L$5) -> 0 | R28: =SUM(G28:L28) -> 866000000 | T28: =S28/G15 -> 0
C29: Bill to BM Repeater | G29: =300000000*95% -> 285000000 | H29: =300000000-G29 -> 15000000 | R29: =SUM(G29:L29) -> 300000000
C30: Bill to BM CME | I30: 200000000 | R30: =SUM(G30:L30) -> 200000000
B31: Total Revenues | G31: =SUM(G23:G30) -> 2142700000 | H31: =SUM(H23:H30) -> 278300000 | I31: =SUM(I23:I30) -> 772000000 | J31: =SUM(J23:J30) -> 572000000 | K31: =SUM(K23:K30) -> 572000000 | L31: =SUM(L23:L30) -> 572000000 | M31: =SUM(M23:M30) -> 0 | N31: =SUM(N23:N30) -> 0 | ... R31: =SUM(R23:R30) -> 4909000000 | S31: =SUM(G31:Q31)-R31 -> 0
B33: OPEX
C34: Electricity | I34: =36000000 -> 36000000 | J34: =I34 -> 36000000 | K34: =J34 -> 36000000 | L34: =K34 -> 36000000 | R34: =SUM($G34:Q34) -> 144000000
C35: Maintenance | G35: =7000000*2/2 -> 7000000 | H35: =7000000*2 -> 14000000 | I35: =H35 -> 14000000 | J35: =I35 -> 14000000 | K35: =J35 -> 14000000 | L35: =K35 -> 14000000 | R35: =SUM($G35:Q35) -> 77000000
C36: Rev Share Tsel to BM 90% | I36: =I26*90% -> 270000000 | J36: =J26*90% -> 270000000 | K36: =K26*90% -> 270000000 | L36: =L26*90% -> 270000000 | R36: =SUM($G36:Q36) -> 1080000000
C37: Rev Share XL to BM 90% | I37: =I27*90% -> 135000000 | J37: =I37 -> 135000000 | K37: =J37 -> 135000000 | L37: =K37 -> 135000000 | R37: =SUM($G37:Q37) -> 540000000
C38: SG&A | G38: =PARAMETER!B14/2 -> 25000000 | H38: =PARAMETER!C14 -> 51000000 | I38: =PARAMETER!D14 -> 52020000 | J38: =PARAMETER!E14 -> 53060400 | K38: =PARAMETER!F14 -> 54121608 | L38: =PARAMETER!G14 -> 55204040 | R38: =SUM($G38:Q38) -> 2.9040605e+08
B39: Total OPEX | G39: =SUM(G34:G38) -> 32000000 | H39: =SUM(H34:H38) -> 65000000 | I39: =SUM(I34:I38) -> 507020000 | J39: =SUM(J34:J38) -> 508060400 | K39: =SUM(K34:K38) -> 509121608 | L39: =SUM(L34:L38) -> 5.1020404e+08 | M39: =SUM(M35:M38) -> 0 | N39: =SUM(N35:N38) -> 0 | O39: =SUM(O35:O38) -> 0 | P39: =SUM(P35:P38) -> 0 | Q39: =SUM(Q35:Q38) -> 0 | R39: =SUM(R34:R38) -> 2.131406e+09 | S39: =SUM(G39:Q39)-R39 -> 0
B40: Total EBITDA | G40: =G31-G39 -> 2110700000 | H40: =H31-H39 -> 213300000 | I40: =I31-I39 -> 264980000 | J40: =J31-J39 -> 63939600 | K40: =K31-K39 -> 62878392 | L40: =L31-L39 -> 61795960 | M40: =M31-M39 -> 0 | N40: =N31-N39 -> 0 | ... R40: =R31-R39 -> 2.777594e+09 | S40: =SUM(G40:Q40)-R40 -> 0
B41: Ebitda margin | H41: =H40/H31 -> 0.76643909 | I41: =I40/I31 -> 0.34323834 | J41: =J40/J31 -> 0.11178252 | K41: =K40/K31 -> 0.10992726 | L41: =L40/L31 -> 0.10803489 | M41: =M40/M31 -> #DIV/0! | N41: =N40/N31 -> #DIV/0! | O41: =O40/O31 -> #DIV/0! | ... R41: =R40/R31 -> 0.56581665
B43: Depreciation Expense | H43: =H71 -> 0 | I43: =I71 -> 0 | J43: =J71 -> 0 | K43: =K71 -> 0 | L43: =L71 -> 0 | M43: =M71 -> 0 | N43: =N71 -> 0 | O43: =O71 -> 0 | ... Q43: =Q71 -> 0 | R43: =SUM($G43:Q43) -> 0
B44: Total EBIT | G44: =G40-G43 -> 2110700000 | H44: =H40-H43 -> 213300000 | I44: =I40-I43 -> 264980000 | J44: =J40-J43 -> 63939600 | K44: =K40-K43 -> 62878392 | L44: =L40-L43 -> 61795960 | M44: =M40-M43 -> 0 | N44: =N40-N43 -> 0 | ... R44: =R40-R43 -> 2.777594e+09 | S44: =SUM(G44:Q44)-R44 -> 0
B45: Interest Expense | G45: =PARAMETER!B5 -> 13148751 | H45: =PARAMETER!C5 -> 23667752 | I45: =PARAMETER!D5 -> 18408251 | J45: =PARAMETER!E5 -> 13148751 | K45: =PARAMETER!F5 -> 7889250.6 | L45: =PARAMETER!G5 -> 2629750.2 | R45: =SUM($G45:Q45) -> 78892506
B46: EBT | G46: =G44-G45 -> 2097551249 | H46: =H44-H45 -> 1.8963225e+08 | I46: =I44-I45 -> 2.4657175e+08 | J46: =J44-J45 -> 50790849 | K46: =K44-K45 -> 54989141 | L46: =L44-L45 -> 59166210 | M46: =M44-M45 -> 0 | N46: =N44-N45 -> 0 | ... Q46: =Q44-Q45 -> 0 | R46: =SUM($G46:Q46) -> 2.6987014e+09 | S46: =SUM(G46:Q46)-R46 -> 0
B47: Tax Expense | G47: =IF(G46<0,0,G46*$F$3) -> 41951025 | H47: =IF(H46<0,0,H46*$F$3) -> 3792645 | I47: =IF(I46<0,0,I46*$F$3) -> 4931435 | J47: =IF(J46<0,0,J46*$F$3) -> 1015817 | K47: =IF(K46<0,0,K46*$F$3) -> 1099782.8 | L47: =IF(L46<0,0,L46*$F$3) -> 1183324.2 | M47: =IF(M46<0,0,M46*$F$3) -> 0 | N47: =IF(N46<0,0,N46*$F$3) -> 0 | ... Q47: =IF(Q46<0,0,Q46*$F$3) -> 0 | R47: =SUM($G47:Q47) -> 53974029
B48: Net Income | G48: =G46-G47 -> 2.0556002e+09 | H48: =H46-H47 -> 1.858396e+08 | I48: =I46-I47 -> 2.4164031e+08 | J48: =J46-J47 -> 49775032 | K48: =K46-K47 -> 53889359 | L48: =L46-L47 -> 57982885 | M48: =M46-M47 -> 0 | N48: =N46-N47 -> 0 | ... R48: =R46-R47 -> 2.6447274e+09 | S48: =SUM(G48:Q48)-R48 -> 0
B50: Capex | G50: =-G13+-G15+-G14 -> -1814480133 | H50: =-H16 -> 0 | I50: =-I16 -> -150000000 | J50: =-J15 -> 0 | K50: =-K15 -> 0 | L50: =-L15 -> 0 | M50: =-M15 -> 0 | N50: =-N15 -> 0 | O50: =-O15 -> 0 | P50: =-P15 -> 0 | Q50: =-Q15 -> 0 | R50: =SUM($G$50:Q50) -> -1964480133
B51: FCFF | G51: =G50+G48+G43 -> 2.4112009e+08 | H51: =H50+H48+H43 -> 1.858396e+08 | I51: =I50+I48+I43 -> 91640314 | J51: =J50+J48+J43 -> 49775032 | K51: =K50+K48+K43 -> 53889359 | L51: =L50+L48+L43 -> 57982885 | M51: =M50+M48+M43 -> 0 | N51: =N50+N48+N43 -> 0 | ... Q51: =Q50+Q48+Q43 -> 0 | R51: =SUM($G$51:Q51) -> 6.8024728e+08
B52: Accumulated FCF | G52: =F52+G51 -> 2.4112009e+08 | H52: =G52+H51 -> 4.2695969e+08 | I52: =H52+I51 -> 5.1860001e+08 | J52: =I52+J51 -> 5.6837504e+08 | K52: =J52+K51 -> 6.222644e+08 | L52: =K52+L51 -> 6.8024728e+08 | M52: =L52+M51 -> 6.8024728e+08 | N52: =M52+N51 -> 6.8024728e+08 | ... Q52: =P52+Q51 -> 6.8024728e+08
B53: PBP | G53: =IF(AND(F52<0,G52>0),H59-(G52/G51),0) -> 0 | H53: =IF(AND(G52<0,H52>0),I59-(H52/H51),0) -> 0 | I53: =IF(AND(H52<0,I52>0),J59-(I52/I51),0) -> 0 | J53: =IF(AND(I52<0,J52>0),K59-(J52/J51),0) -> 0 | K53: =IF(AND(J52<0,K52>0),L59-(K52/K51),0) -> 0 | L53: =IF(AND(K52<0,L52>0),M59-(L52/L51),0) -> 0 | M53: =IF(AND(L52<0,M52>0),N59-(M52/M51),0) -> 0 | N53: =IF(AND(M52<0,N52>0),O59-(N52/N51),0) -> 0 | O53: =IF(AND(N52<0,O52>0),P59-(O52/O51),0) -> 0 | Q53: =IF(AND(O52<0,Q52>0),R59-(Q52/Q51),0) -> 0
B55: IRR | F55: Positive
B56: NPV | F56: =NPV(F4,G51:Q51)+F51 -> 5.4182515e+08
B57: EBITDA margin | F57: =R41 -> 0.56581665
B58: Payback | F58: =SUM(G53:Q53) -> 0
G59: 1 | H59: 2 | I59: 3 | J59: 4 | K59: 5 | L59: 6 | M59: 6 | N59: 7 | O59: 8 | P59: 9 | Q59: 10
B60: Depreciation Calculation | E60: no of Year depreciated | G60: =G18 -> 2024 | H60: =H18 -> 2025 | I60: =I18 -> 2026 | J60: =J18 -> 2027 | K60: =K18 -> 2028 | L60: =L18 -> 2029 | M60: =M18 -> 2030 | N60: =N18 -> 2031 | ... Q60: =Q18 -> 2034 | R60: Total
D61: Year 1 | E61: 5 | R61: =SUM($G61:Q61) -> 0
D62: Year 2 | E62: 4 | I62: =I15/E62 -> 0 | J62: =I62 -> 0 | K62: =J62 -> 0 | L62: =K62 -> 0 | M62: =L62 -> 0 | N62: =M62 -> 0 | O62: =N62 -> 0 | P62: =O62 -> 0 | Q62: =P62 -> 0 | R62: =SUM($G62:Q62) -> 0
D63: Year 3 | E63: 3 | J63: =J15/$E63 -> 0 | K63: =J63 -> 0 | L63: =K63 -> 0 | M63: =L63 -> 0 | N63: =M63 -> 0 | O63: =N63 -> 0 | P63: =O63 -> 0 | Q63: =P63 -> 0 | R63: =SUM($G63:Q63) -> 0
D64: Year 4 | E64: 2 | K64: =K15/$E64 -> 0 | L64: =K64 -> 0 | M64: =L64 -> 0 | N64: =M64 -> 0 | O64: =N64 -> 0 | P64: =O64 -> 0 | Q64: =P64 -> 0 | R64: =SUM($G64:Q64) -> 0
D65: Year 5 | E65: 1 | L65: =K$13/$E65 -> 0 | M65: =L65 -> 0 | N65: =M65 -> 0 | O65: =N65 -> 0 | P65: =O65 -> 0 | R65: =SUM($G65:Q65) -> 0
D66: Year 6 | E66: 5 | M66: =L$13/$E66 -> 0 | N66: =M66 -> 0 | O66: =N66 -> 0 | P66: =O66 -> 0 | R66: =SUM($G66:Q66) -> 0
D67: Year 7 | E67: 4 | N67: =M$13/$E67 -> 0 | O67: =N67 -> 0 | P67: =O67 -> 0 | R67: =SUM($G67:Q67) -> 0
D68: Year 8 | E68: 3 | O68: =N$13/$E68 -> 0 | P68: =O68 -> 0 | R68: =SUM($G68:Q68) -> 0
D69: Year 9 | E69: 2 | P69: =O$13/$E69 -> 0 | R69: =SUM($G69:Q69) -> 0
D70: Year 10 | E70: 1 | R70: =SUM($G70:Q70) -> 0
B71: Total Depreciation | H71: =SUM(H61:H70) -> 0 | I71: =SUM(I61:I70) -> 0 | J71: =SUM(J61:J70) -> 0 | K71: =SUM(K61:K70) -> 0 | L71: =SUM(L61:L70) -> 0 | M71: =SUM(M61:M70) -> 0 | N71: =SUM(N61:N70) -> 0 | O71: =SUM(O61:O70) -> 0 | ... R71: =SUM(R61:R70) -> 0

Sheet IRR with FO Oprt Berbayar 1
B1: NO : | C1: 0008/IRRK/IBC/III/2024 | R1: =Summary!$D$6 -> Knowledge Hub
B2: General Asumption
C3: Tax Rate | F3: 0.02
C4: Interest Rate | F4: 0.1
C5: SG&A | F5: 0.02 | G5: Increase every year, start based 50 mio
C6: BHPUSO | F6: 0 | G6: from Revenues
C7: Price Adjustment after 5 year | F7: 0.15
C8: Capex per antenna | F8: 9000000
C9: Migrasi per operator | F9: 150000000
G11: Y1 | H11: Y2 | I11: Y3 | J11: Y4 | K11: Y5 | L11: Y6 | M11: Y6 | N11: Y7 | O11: Y8 | P11: Y9 | Q11: Y10 | R11: Total
B12: CAPEX
B13: Total CAPEX | E13: DAS | F13: 103 | G13: 848780133 | H13: 0 | I13: 0 | J13: 0 | R13: =SUM(G13:Q13) -> 848780133
E14: FO Backbone | G14: 701250000 | R14: =SUM(G14:Q14) -> 701250000
E15: Repeater | G15: 264450000 | R15: =SUM(G15:Q15) -> 264450000
E16: CME | I16: =75000000*2 -> 150000000 | R16: =SUM(G16:Q16) -> 150000000
R17: =SUM(R13:R16) -> 1964480133
B18: IRR Calculation | G18: 2024 | H18: 2025 | I18: 2026 | J18: 2027 | K18: 2028 | L18: =K18+1 -> 2029 | M18: =L18+1 -> 2030 | N18: =M18+1 -> 2031 | O18: =N18+1 -> 2032 | P18: =O18+1 -> 2033 | Q18: =P18+1 -> 2034 | R18: Total
B19: Months of Service | G19: 12 | H19: 12 | I19: 12 | J19: 12 | K19: 12 | L19: 12 | M19: 12 | N19: 12 | O19: 12 | P19: 12 | Q19: 12
B20: % increase (decrease) | M20: 0.1
B22: Revenues
C23: Bill to BM DAS | G23: =1000000000*95% -> 950000000 | H23: =1000000000-G23 -> 50000000 | J23: =$K$3 -> 0 | K23: =$K$3 -> 0 | L23: =$K$3 -> 0 | M23: =$K$3 -> 0 | N23: =$K$3*(1-$L$3) -> 0 | O23: =$K$3*(1-$L$3) -> 0 | P23: =$K$3*(1-$L$3) -> 0 | Q23: =$K$3*(1-$L$3) -> 0 | R23: =SUM(G23:L23) -> 1000000000 | S23: =G13/R23 -> 0.84878013
C24: Manage service 2 Operator tdk berbayar | G24: =85000000/2*2 -> 85000000 | H24: =85000000*2 -> 170000000 | I24: 85000000 | J24: 85000000 | K24: 85000000 | L24: 85000000 | M24: =$K$4 -> 0 | N24: =$K$4 -> 0 | O24: =$K$4 -> 0 | P24: =$K$4*(1-$L$4) -> 0 | Q24: =$K$4*(1-$L$4) -> 0 | R24: =SUM(G24:L24) -> 595000000
C25: Manage service 2 Operator berbayar (BTS masuk) | I25: =53000000+4000000*2 -> 61000000 | J25: =I25 -> 61000000 | K25: =J25 -> 61000000 | L25: =K25 -> 61000000 | R25: =SUM(G25:L25) -> 244000000
C26: Rev. Tsel | R26: =SUM(G26:L26) -> 0
C27: Rev. XL | I27: 150000000 | J27: 150000000 | K27: 150000000 | L27: 150000000 | R27: =SUM(G27:L27) -> 600000000
C28: Bill to BM FO | G28: =866000000*95% -> 822700000 | H28: =866000000-G28 -> 43300000 | J28: =$K$5 -> 0 | K28: =$K$5 -> 0 | L28: =$K$5 -> 0 | M28: =$K$5 -> 0 | N28: =$K$5 -> 0 | O28: =$K$5*(1-$L$5) -> 0 | P28: =$K$5*(1-$L$5) -> 0 | Q28: =$K$5*(1-$L$5) -> 0 | R28: =SUM(G28:L28) -> 866000000 | T28: =S28/G15 -> 0
C29: Bill to BM Repeater | G29: =300000000*95% -> 285000000 | H29: =300000000-G29 -> 15000000 | R29: =SUM(G29:L29) -> 300000000
C30: Bill to BM CME | I30: 200000000 | R30: =SUM(G30:L30) -> 200000000
B31: Total Revenues | G31: =SUM(G23:G30) -> 2142700000 | H31: =SUM(H23:H30) -> 278300000 | I31: =SUM(I23:I30) -> 496000000 | J31: =SUM(J23:J30) -> 296000000 | K31: =SUM(K23:K30) -> 296000000 | L31: =SUM(L23:L30) -> 296000000 | M31: =SUM(M23:M30) -> 0 | N31: =SUM(N23:N30) -> 0 | ... R31: =SUM(R23:R30) -> 3805000000 | S31: =SUM(G31:Q31)-R31 -> 0
B33: OPEX
C34: Electricity | I34: =36000000 -> 36000000 | J34: =I34 -> 36000000 | K34: =J34 -> 36000000 | L34: =K34 -> 36000000 | R34: =SUM($G34:Q34) -> 144000000
C35: Maintenance | G35: =7000000*2/2 -> 7000000 | H35: =7000000*2 -> 14000000 | I35: =H35 -> 14000000 | J35: =I35 -> 14000000 | K35: =J35 -> 14000000 | L35: =K35 -> 14000000 | R35: =SUM($G35:Q35) -> 77000000
C36: Rev Share Tsel to BM 90% | I36: =I26*90% -> 0 | J36: =J26*90% -> 0 | K36: =K26*90% -> 0 | L36: =L26*90% -> 0 | R36: =SUM($G36:Q36) -> 0
C37: Rev Share XL to BM 90% | I37: =I27*90% -> 135000000 | J37: =I37 -> 135000000 | K37: =J37 -> 135000000 | L37: =K37 -> 135000000 | R37: =SUM($G37:Q37) -> 540000000
C38: SG&A | G38: =PARAMETER!B14/2 -> 25000000 | H38: =PARAMETER!C14 -> 51000000 | I38: =PARAMETER!D14 -> 52020000 | J38: =PARAMETER!E14 -> 53060400 | K38: =PARAMETER!F14 -> 54121608 | L38: =PARAMETER!G14 -> 55204040 | R38: =SUM($G38:Q38) -> 2.9040605e+08
B39: Total OPEX | G39: =SUM(G34:G38) -> 32000000 | H39: =SUM(H34:H38) -> 65000000 | I39: =SUM(I34:I38) -> 237020000 | J39: =SUM(J34:J38) -> 238060400 | K39: =SUM(K34:K38) -> 239121608 | L39: =SUM(L34:L38) -> 2.4020404e+08 | M39: =SUM(M35:M38) -> 0 | N39: =SUM(N35:N38) -> 0 | O39: =SUM(O35:O38) -> 0 | P39: =SUM(P35:P38) -> 0 | Q39: =SUM(Q35:Q38) -> 0 | R39: =SUM(R34:R38) -> 1.051406e+09 | S39: =SUM(G39:Q39)-R39 -> 0
B40: Total EBITDA | G40: =G31-G39 -> 2110700000 | H40: =H31-H39 -> 213300000 | I40: =I31-I39 -> 258980000 | J40: =J31-J39 -> 57939600 | K40: =K31-K39 -> 56878392 | L40: =L31-L39 -> 55795960 | M40: =M31-M39 -> 0 | N40: =N31-N39 -> 0 | ... R40: =R31-R39 -> 2.753594e+09 | S40: =SUM(G40:Q40)-R40 -> 0
B41: Ebitda margin | H41: =H40/H31 -> 0.76643909 | I41: =I40/I31 -> 0.5221371 | J41: =J40/J31 -> 0.19574189 | K41: =K40/K31 -> 0.19215673 | L41: =L40/L31 -> 0.18849986 | M41: =M40/M31 -> #DIV/0! | N41: =N40/N31 -> #DIV/0! | O41: =O40/O31 -> #DIV/0! | ... R41: =R40/R31 -> 0.72367778
B43: Depreciation Expense | H43: =H71 -> 0 | I43: =I71 -> 0 | J43: =J71 -> 0 | K43: =K71 -> 0 | L43: =L71 -> 0 | M43: =M71 -> 0 | N43: =N71 -> 0 | O43: =O71 -> 0 | ... Q43: =Q71 -> 0 | R43: =SUM($G43:Q43) -> 0
B44: Total EBIT | G44: =G40-G43 -> 2110700000 | H44: =H40-H43 -> 213300000 | I44: =I40-I43 -> 258980000 | J44: =J40-J43 -> 57939600 | K44: =K40-K43 -> 56878392 | L44: =L40-L43 -> 55795960 | M44: =M40-M43 -> 0 | N44: =N40-N43 -> 0 | ... R44: =R40-R43 -> 2.753594e+09 | S44: =SUM(G44:Q44)-R44 -> 0
B45: Interest Expense | G45: =PARAMETER!B5 -> 13148751 | H45: =PARAMETER!C5 -> 23667752 | I45: =PARAMETER!D5 -> 18408251 | J45: =PARAMETER!E5 -> 13148751 | K45: =PARAMETER!F5 -> 7889250.6 | L45: =PARAMETER!G5 -> 2629750.2 | R45: =SUM($G45:Q45) -> 78892506
B46: EBT | G46: =G44-G45 -> 2097551249 | H46: =H44-H45 -> 1.8963225e+08 | I46: =I44-I45 -> 2.4057175e+08 | J46: =J44-J45 -> 44790849 | K46: =K44-K45 -> 48989141 | L46: =L44-L45 -> 53166210 | M46: =M44-M45 -> 0 | N46: =N44-N45 -> 0 | ... Q46: =Q44-Q45 -> 0 | R46: =SUM($G46:Q46) -> 2.6747014e+09 | S46: =SUM(G46:Q46)-R46 -> 0
B47: Tax Expense | G47: =IF(G46<0,0,G46*$F$3) -> 41951025 | H47: =IF(H46<0,0,H46*$F$3) -> 3792645 | I47: =IF(I46<0,0,I46*$F$3) -> 4811435 | J47: =IF(J46<0,0,J46*$F$3) -> 895816.98 | K47: =IF(K46<0,0,K46*$F$3) -> 979782.83 | L47: =IF(L46<0,0,L46*$F$3) -> 1063324.2 | M47: =IF(M46<0,0,M46*$F$3) -> 0 | N47: =IF(N46<0,0,N46*$F$3) -> 0 | ... Q47: =IF(Q46<0,0,Q46*$F$3) -> 0 | R47: =SUM($G47:Q47) -> 53494029
B48: Net Income | G48: =G46-G47 -> 2.0556002e+09 | H48: =H46-H47 -> 1.858396e+08 | I48: =I46-I47 -> 2.3576031e+08 | J48: =J46-J47 -> 43895032 | K48: =K46-K47 -> 48009359 | L48: =L46-L47 -> 52102885 | M48: =M46-M47 -> 0 | N48: =N46-N47 -> 0 | ... R48: =R46-R47 -> 2.6212074e+09 | S48: =SUM(G48:Q48)-R48 -> 0
B50: Capex | G50: =-G13+-G15+-G14 -> -1814480133 | H50: =-H16 -> 0 | I50: =-I16 -> -150000000 | J50: =-J15 -> 0 | K50: =-K15 -> 0 | L50: =-L15 -> 0 | M50: =-M15 -> 0 | N50: =-N15 -> 0 | O50: =-O15 -> 0 | P50: =-P15 -> 0 | Q50: =-Q15 -> 0 | R50: =SUM($G$50:Q50) -> -1964480133
B51: FCFF | G51: =G50+G48+G43 -> 2.4112009e+08 | H51: =H50+H48+H43 -> 1.858396e+08 | I51: =I50+I48+I43 -> 85760314 | J51: =J50+J48+J43 -> 43895032 | K51: =K50+K48+K43 -> 48009359 | L51: =L50+L48+L43 -> 52102885 | M51: =M50+M48+M43 -> 0 | N51: =N50+N48+N43 -> 0 | ... Q51: =Q50+Q48+Q43 -> 0 | R51: =SUM($G$51:Q51) -> 6.5672728e+08
B52: Accumulated FCF | G52: =F52+G51 -> 2.4112009e+08 | H52: =G52+H51 -> 4.2695969e+08 | I52: =H52+I51 -> 5.1272001e+08 | J52: =I52+J51 -> 5.5661504e+08 | K52: =J52+K51 -> 6.046244e+08 | L52: =K52+L51 -> 6.5672728e+08 | M52: =L52+M51 -> 6.5672728e+08 | N52: =M52+N51 -> 6.5672728e+08 | ... Q52: =P52+Q51 -> 6.5672728e+08
B53: PBP | G53: =IF(AND(F52<0,G52>0),H59-(G52/G51),0) -> 0 | H53: =IF(AND(G52<0,H52>0),I59-(H52/H51),0) -> 0 | I53: =IF(AND(H52<0,I52>0),J59-(I52/I51),0) -> 0 | J53: =IF(AND(I52<0,J52>0),K59-(J52/J51),0) -> 0 | K53: =IF(AND(J52<0,K52>0),L59-(K52/K51),0) -> 0 | L53: =IF(AND(K52<0,L52>0),M59-(L52/L51),0) -> 0 | M53: =IF(AND(L52<0,M52>0),N59-(M52/M51),0) -> 0 | N53: =IF(AND(M52<0,N52>0),O59-(N52/N51),0) -> 0 | O53: =IF(AND(N52<0,O52>0),P59-(O52/O51),0) -> 0 | Q53: =IF(AND(O52<0,Q52>0),R59-(Q52/Q51),0) -> 0
B55: IRR | F55: Positive
B56: NPV | F56: =NPV(F4,G51:Q51)+F51 -> 5.2642118e+08
B57: EBITDA margin | F57: =R41 -> 0.72367778
B58: Payback | F58: =SUM(G53:Q53) -> 0
G59: 1 | H59: 2 | I59: 3 | J59: 4 | K59: 5 | L59: 6 | M59: 6 | N59: 7 | O59: 8 | P59: 9 | Q59: 10
B60: Depreciation Calculation | E60: no of Year depreciated | G60: =G18 -> 2024 | H60: =H18 -> 2025 | I60: =I18 -> 2026 | J60: =J18 -> 2027 | K60: =K18 -> 2028 | L60: =L18 -> 2029 | M60: =M18 -> 2030 | N60: =N18 -> 2031 | ... Q60: =Q18 -> 2034 | R60: Total
D61: Year 1 | E61: 5 | R61: =SUM($G61:Q61) -> 0
D62: Year 2 | E62: 4 | I62: =I15/E62 -> 0 | J62: =I62 -> 0 | K62: =J62 -> 0 | L62: =K62 -> 0 | M62: =L62 -> 0 | N62: =M62 -> 0 | O62: =N62 -> 0 | P62: =O62 -> 0 | Q62: =P62 -> 0 | R62: =SUM($G62:Q62) -> 0
D63: Year 3 | E63: 3 | J63: =J15/$E63 -> 0 | K63: =J63 -> 0 | L63: =K63 -> 0 | M63: =L63 -> 0 | N63: =M63 -> 0 | O63: =N63 -> 0 | P63: =O63 -> 0 | Q63: =P63 -> 0 | R63: =SUM($G63:Q63) -> 0
D64: Year 4 | E64: 2 | K64: =K15/$E64 -> 0 | L64: =K64 -> 0 | M64: =L64 -> 0 | N64: =M64 -> 0 | O64: =N64 -> 0 | P64: =O64 -> 0 | Q64: =P64 -> 0 | R64: =SUM($G64:Q64) -> 0
D65: Year 5 | E65: 1 | L65: =K$13/$E65 -> 0 | M65: =L65 -> 0 | N65: =M65 -> 0 | O65: =N65 -> 0 | P65: =O65 -> 0 | R65: =SUM($G65:Q65) -> 0
D66: Year 6 | E66: 5 | M66: =L$13/$E66 -> 0 | N66: =M66 -> 0 | O66: =N66 -> 0 | P66: =O66 -> 0 | R66: =SUM($G66:Q66) -> 0
D67: Year 7 | E67: 4 | N67: =M$13/$E67 -> 0 | O67: =N67 -> 0 | P67: =O67 -> 0 | R67: =SUM($G67:Q67) -> 0
D68: Year 8 | E68: 3 | O68: =N$13/$E68 -> 0 | P68: =O68 -> 0 | R68: =SUM($G68:Q68) -> 0
D69: Year 9 | E69: 2 | P69: =O$13/$E69 -> 0 | R69: =SUM($G69:Q69) -> 0
D70: Year 10 | E70: 1 | R70: =SUM($G70:Q70) -> 0
B71: Total Depreciation | H71: =SUM(H61:H70) -> 0 | I71: =SUM(I61:I70) -> 0 | J71: =SUM(J61:J70) -> 0 | K71: =SUM(K61:K70) -> 0 | L71: =SUM(L61:L70) -> 0 | M71: =SUM(M61:M70) -> 0 | N71: =SUM(N61:N70) -> 0 | O71: =SUM(O61:O70) -> 0 | ... R71: =SUM(R61:R70) -> 0

Sheet PARAMETER
B1: Year 1 | C1: Year 2 | D1: Year 3 | E1: Year 4 | F1: Year 5 | G1: Year 6 | H1: Year 7 | I1: Year 8 | J1: Year 9 | K1: Year 10
A2: loan | B2: ='IRR '!R16 -> 239068200 | C2: =$B$2-$B$4 -> 191254560 | D2: =$C$2-$B$4 -> 143440920 | E2: =$D$2-$B$4 -> 95627280 | F2: =$E$2-$B$4 -> 47813640 | G2: =F2-B4 -> 0
A3: Period (thn) | B3: 5
A4: Installment/thn | B4: =$B$2/$B$3 -> 47813640
A5: Interest | B5: =(($B$2*'IRR '!$F$4)*6)/12 -> 13148751 | C5: =AVERAGE($B$2:$C$2)*'IRR '!$F$4 -> 23667752 | D5: =AVERAGE(C2:D2)*'IRR '!$F$4 -> 18408251 | E5: =AVERAGE(D2:E2)*'IRR '!$F$4 -> 13148751 | F5: =AVERAGE(E2:F2)*'IRR '!$F$4 -> 7889250.6 | G5: =AVERAGE(F2:G2)*'IRR '!$F$4 -> 2629750.2 | H5: =AVERAGE(G2:H2)*'IRR '!$F$4 -> 0
B12: =B5+B9 -> 13148751 | C12: =C5+C9 -> 23667752 | D12: =D5+D9 -> 18408251 | E12: =E5+E9 -> 13148751 | F12: =F5+F9 -> 7889250.6 | G12: =G5+G9 -> 2629750.2 | H12: =H5+H9 -> 0
A14: SG&A | B14: 50000000 | C14: =B14+C15 -> 51000000 | D14: =C14+D16 -> 52020000 | E14: =D14+E16 -> 53060400 | F14: =E14+F16 -> 54121608 | G14: =F14+G16 -> 55204040 | H14: =G14+H16 -> 56308121 | I14: =H14+I16 -> 57434283 | J14: =I14+J16 -> 58582969 | K14: =J14+K16 -> 59754628
A15: 0.02 | C15: =C16 -> 1000000 | D15: =C15+D16 -> 2020000 | E15: =D15+E16 -> 3060400 | F15: =E15+F16 -> 4121608 | G15: =F15+G16 -> 5204040.2 | H15: =G15+H16 -> 6308121 | I15: =H15+I16 -> 7434283.4 | J15: =I15+J16 -> 8582969.1 | K15: =J15+K16 -> 9754628.4
C16: =B14*$A$15 -> 1000000 | D16: =C14*$A$15 -> 1020000 | E16: =D14*$A$15 -> 1040400 | F16: =E14*$A$15 -> 1061208 | G16: =F14*$A$15 -> 1082432.2 | H16: =G14*$A$15 -> 1104080.8 | I16: =H14*$A$15 -> 1126162.4 | J16: =I14*$A$15 -> 1148685.7 | K16: =J14*$A$15 -> 1171659.4
F21: person | G21: trip | H21: kamar | I21: Days by Omni | J21: Biaya walktest inhouse/visit | K21: Biaya walktest inhouse/thn
E22: Diisikan | F22: 1 | G22: 1 | H22: 1 | I22: 266
B23: Transport | C23: Pesawat | D23: =C34 -> 3000000 | E23: person | F23: =F22 -> 1 | J23: =F23*D23 -> 3000000
C24: Bandara | D24: 600000 | E24: person | F24: =F22 -> 1 | I24: =IF($I$14<=120,2,IF($I$14>220,4,3)) -> 4 | J24: =D24*F24 -> 600000
C25: Transport | D25: 200000 | E25: Trip | G25: =G22 -> 1 | J25: =G25*D25 -> 200000
B26: Hotel | C26: Hotel | D26: 450000 | E26: kamar | F26: =F22 -> 1 | H26: =H22 -> 1 | I26: =IF($I$14<=120,2,IF($I$14>220,4,3)) -> 4 | J26: =H26*D26*I26 -> 1800000
B27: Uang Saku | C27: Uang Saku | D27: 120000 | E27: person | F27: =F22 -> 1 | I27: =IF($I$14<=120,2,IF($I$14>220,4,3)) -> 4 | J27: =I27*D27*F27 -> 480000
J28: =SUM(J23:J27) -> 6080000 | K28: =J28*2 -> 12160000
B32: PM/Year/Site | C32: Pesawat | E32: Asumsi:
A33: Sulut | B33: 16800000 | C33: 4000000 | E33: Walktest 4x dalam setahun semua operator sekaligus
A34: Makasar | C34: 3000000 | E34: Walktest pertama oleh vendor | I34: 10000000
A35: Bali | B35: 15600000 | C35: 2500000 | E35: Walktest pertama oleh vendor | H35: Pekanbaru | I35: 12000000
A36: Jatim | B36: 15000000 | C36: 2000000 | E36: Walktest pertama oleh vendor | H36: Sumut | I36: 14000000
A37: Jateng | B37: 15000000 | C37: 1850000 | E37: Walktest pertama oleh vendor | H37: Sulsel | I37: 14000000
A38: Jabar | B38: 12000000 | C38: 1200000 | E38: Walktest pertama oleh vendor | H38: Sulut | I38: 17000000
A39: Kalimantan | B39: 16800000 | C39: 2000000 | E39: Walktest pertama oleh vendor | H39: Kalimantan | I39: 14000000
A40: Sumatera | B40: 15720000 | C40: 3500000
A41: Palembang | C41: 2800000
A42: Jabodetabek | B42: 0 | C42: 0 | D42: Inhouse
B44: CM /Year/Oprt
B45: 7000000 | D45: =B45/12 -> 583333.33
A50: LISTRIK
A51: Listrik/Oprt/year DAS+1Pole 3sektor
A52: 0-100 | B52: 36000000
A53: 101-200 | B53: 42000000
A54: 201- | B54: 48000000 | C54: =B54/12 -> 4000000
A56: Listrik/Oprt/year DAS+2Pole 6sektor
A57: 0-200 | B57: 75000000
A58: 201- | B58: 95000000

Sheet BOQ Liwo Grand Wisata
B1: BOQ - NEW DAS - HOTEL GRAND WISATA BEKASI
B2: Date: | C2: 45565
B3: PT. Infrastruktur Bisnis Sejahtera
B5: No. | C5: Item Work | D5: UoM | E5: Volume | F5: Unit Price Material | G5: Unit Price Jasa | H5: UNIT PRICE MATERIAL+JASA | I5: Total Price
B8: I. | C8: RF
B9: A | C9: ANTENNAS (LOW PIM)
B10: 1 | C10: Omnidirectional Antenna 698-960/1710-2700 MHz Gain min 5dBi / 360 deg Female Connector with pigtail | D10: PCS | E10: 47 | F10: 194250 | G10: 20000 | H10: =F10+G10 -> 214250 | I10: =E10*H10 -> 10069750
B11: 2 | C11: Directional Panel Antenna, 806-960/1710-2700 MHz Gain min 7 dBi/65deg with Mounting Plate | D11: PCS | E11: 3 | F11: 194250 | G11: 20000 | H11: =F11+G11 -> 214250 | I11: =E11*H11 -> 642750
B12: 2 | C12: Directional Panel Antenna, 806-960/1710-2700 MHz Gain min 11 dBi/65deg with Mounting Plate | D12: PCS | F12: 2500000 | G12: 20000 | H12: =F12+G12 -> 2520000 | I12: =E12*H12 -> 0
B13: B | C13: POWER SPLITTERS (LOW PIM)
B14: 1 | C14: Multiband 2-way power splitter with wall mounting bracket, 200W, N-female connectors, 698-2700 MHz | D14: PCS | E14: 1 | F14: 273000 | G14: 20000 | H14: =F14+G14 -> 293000 | I14: =E14*H14 -> 293000
B15: 2 | C15: Multiband 3-way power splitter with wall mounting bracket, 200W, N-female connectors, 698-2700 MHz | D15: PCS | E15: 18 | F15: 288750 | G15: 20000 | H15: =F15+G15 -> 308750 | I15: =E15*H15 -> 5557500
B16: 3 | C16: Multiband 4-way power splitter with wall mounting bracket, 200W, N-female connectors, 698-2700 MHz | D16: PCS | E16: 3 | F16: 315000 | G16: 20000 | H16: =F16+G16 -> 335000 | I16: =E16*H16 -> 1005000
B17: C | C17: POWER COUPLERS (LOW PIM)
B18: 1 | C18: Multiband 7 dB power coupler with wall mounting bracket, 200W, N-female connectors, 698-2700 MHz | D18: PCS | F18: 492450 | G18: 20000 | H18: =F18+G18 -> 512450 | I18: =E18*H18 -> 0
B19: C | C19: COMBINER & POI (LOW PIM)
B20: 1 | C20: Multiband Matrix Combiner 4in 4out, max Insertion loss -6 dB, 300-500 Watt per-port, 698-2700 MHz DIN type | D20: PCS | E20: 1 | F20: 5775000 | G20: 50000 | H20: =F20+G20 -> 5825000 | I20: =E20*H20 -> 5825000
B21: D | C21: CONNECTORS (LOW PIM)
B22: 1 | C22: N-male connector for 1/2" feeder cable 800-3000 MHz | D22: PCS | E22: 106 | F22: 67200 | G22: 20000 | H22: =F22+G22 -> 87200 | I22: =E22*H22 -> 9243200
B23: 2 | C23: N-male connector for 7/8" feeder cable 800-3000 MHz | D23: PCS | E23: 10 | F23: 103950 | G23: 20000 | H23: =F23+G23 -> 123950 | I23: =E23*H23 -> 1239500
B24: 3 | C24: N-male connector for 1 1/4" feeder cable 800-5000 MHz | D24: PCS | F24: 210000 | G24: 20000 | H24: =F24+G24 -> 230000 | I24: =E24*H24 -> 0
B25: E | C25: JUMPER CABLES (LOW PIM)
B26: 1 | C26: 0.3m 1/2" superflexible jumper cable with N-male and N-male connector 800-3000 MHz (NM - NM) | D26: PCS | E26: 13 | F26: 105000 | G26: 25000 | H26: =F26+G26 -> 130000 | I26: =E26*H26 -> 1690000
B27: 2 | C27: 1m 1/2" superflexible jumper cable with N-male and N-female connector 800-3000 MHz (NM - NF) | D27: PCS | E27: 24 | F27: 120000 | G27: 25000 | H27: =F27+G27 -> 145000 | I27: =E27*H27 -> 3480000
B28: 3 | C28: 3m 1/2" superflexible jumper cable with N-female and 7/16" DIN-male connector 800-3000 MHz (NF - DM) | D28: PCS | E28: 3 | F28: 180000 | G28: 25000 | H28: =F28+G28 -> 205000 | I28: =E28*H28 -> 615000
B29: 4 | C29: 3m 1/2" superflexible jumper cable with N-male and 7/16" DIN-male connector 800-3000 MHz (NM - DM) | D29: PCS | E29: 1 | F29: 180000 | G29: 25000 | H29: =F29+G29 -> 205000 | I29: =E29*H29 -> 205000
B30: F | C30: FEEDER
B31: 1 | C31: 1/2" Feeder Cable | D31: M | E31: 1250 | F31: 28350 | G31: 13000 | H31: =F31+G31 -> 41350 | I31: =E31*H31 -> 51687500
B32: 2 | C32: 7/8" Feeder Cable | D32: M | E32: 185 | F32: 65000 | G32: 15000 | H32: =F32+G32 -> 80000 | I32: =E32*H32 -> 14800000
B33: 3 | C33: 1 1/4" Feeder Cable | D33: M | F33: 137500 | G33: 17000 | H33: =F33+G33 -> 154500 | I33: =E33*H33 -> 0
B34: II. | C34: CME
B35: A | C35: GROUNDING KIT
B36: 1 | C36: Grounding Kit for 7/8" Feeder Cable (Type KMT) | D36: PCS | E36: 3 | F36: 250000 | G36: 50000 | H36: =F36+G36 -> 300000 | I36: =E36*H36 -> 900000
B37: 2 | C37: Grounding Kit for 1 1/4" Feeder Cable (Type KMT) | D37: PCS | F37: 450000 | G37: 50000 | H37: =F37+G37 -> 500000 | I37: =E37*H37 -> 0
B38: B | C38: FEEDER HANGER & CLAMP
B39: 1 | C39: Clamp for Feeder Cable 1/2" feeder for Indoor (Stainless Steel) | D39: PCS | E39: 400 | F39: 5000 | G39: 2000 | H39: =F39+G39 -> 7000 | I39: =E39*H39 -> 2800000
B40: 2 | C40: Clamp for Feeder Cable 7/8" feeder for Indoor (Stainless Steel) | D40: PCS | E40: 60 | F40: 6500 | G40: 2000 | H40: =F40+G40 -> 8500 | I40: =E40*H40 -> 510000
B41: 3 | C41: Clamp for Feeder Cable 1 1/4" Indoor (Steinless Steel) | D41: PCS | F41: 7500 | G41: 2000 | H41: =F41+G41 -> 9500 | I41: =E41*H41 -> 0
B42: 4 | C42: Mounting Bracket for Omni Antenna & Directional Antenna | D42: PCS | E42: 3 | F42: 125000 | G42: 20000 | H42: =F42+G42 -> 145000 | I42: =E42*H42 -> 435000
B43: 5 | C43: Mounting Bracket for Splitter | D43: PCS | E43: 22 | F43: 125000 | G43: 20000 | H43: =F43+G43 -> 145000 | I43: =E43*H43 -> 3190000
B44: 6 | C44: Manhole 4x4 (Buka dan Tutup Plafon) Permanent | D44: PCS | F44: 250000 | H44: =F44+G44 -> 250000 | I44: =E44*H44 -> 0
B45: 7 | C45: Manhole 4x4 (Buka dan Tutup Plafon) Temporary | D45: PCS | E45: 40 | F45: 175000 | H45: =F45+G45 -> 175000 | I45: =E45*H45 -> 7000000
B46: 8 | C46: Firestop (bongkar & Pasang kembali-3" inch Hole) | D46: PCS | F46: 250000 | H46: =F46+G46 -> 250000 | I46: =E46*H46 -> 0
B47: 1 | C47: HD-Galvanized Ladder Tray W=300mm H=100mm, include accessories (Bracket Mounting + Hangger + Bolt & Nut) | D47: M | F47: 325000 | G47: 30000 | H47: =F47+G47 -> 355000 | I47: =E47*H47 -> 0
B48: D | C48: MISCELLANEOUS New DAS | D48: LS | E48: 1 | F48: 2500000 | H48: =F48+G48 -> 2500000 | I48: =E48*H48 -> 2500000
C49: a. Heatshrink
C50: b.Cable Ties
C51: c. Tapes
C52: d. Adhosive Sealer
C53: e. Marking Label (Label Antenna, Spliter & Logo IBS for Antenna & Feeder)
B54: III | C54: IMPLEMENTATION SERVICES
B55: 1 | C55: Coordination Fee (building coordination fee, site clearing, surcharge fee, security, etc) | D55: LS | E55: 1 | F55: 5000000 | H55: =F55+G55 -> 5000000 | I55: =E55*H55 -> 5000000
B56: 2 | C56: Testing & Commissioning Multy Operator (CDMA 800 MHz - LTE 2390MHz ) (New Das) | D56: LS | E56: 1 | F56: 10000000 | H56: =F56+G56 -> 10000000 | I56: =E56*H56 -> 10000000
B57: 3 | C57: As Built Drawing & Reporting New DAS | D57: LS | E57: 1 | F57: 3000000 | H57: =F57+G57 -> 3000000 | I57: =E57*H57 -> 3000000
B58: 4 | C58: Delivery Material Inbuilding (Loading & Unloading) | D58: LS | E58: 1 | G58: 3500000 | H58: =F58+G58 -> 3500000 | I58: =E58*H58 -> 3500000
B59: 5 | C59: Coordination Fee for Implementation: | D59: LS | E59: 1 | G59: 3000000 | H59: =F59+G59 -> 3000000 | I59: =E59*H59 -> 3000000
C60: - Building Supervision & Coordination Fee
C61: - Site clearing, surcharge fee, security, etc
B62: B | C62: MECHANICAL & ELECTRICAL (ME)
B63: 10 | C63: Supply & Installation Power Cable NYY 4x25mm 3 Phase, Panel Building Existing to MDP INDUK Combiner Room | D63: M | E63: 100 | F63: 285000 | G63: 20000 | H63: =F63+G63 -> 305000 | I63: =E63*H63 -> 30500000
B64: C | C64: INDUK MAIN PANEL 33 kVA, Dimension 1000x700x250, IP-65, Plat thickness 2mm, broken white coloured with powder coating with accessories (Cable shoe, MCB Rail, terminals, cable ducting, label, cover lock set) (1set = Item 20a-20v) | D64: SET | E64: 1 | F64: 30000000 | G64: 300000 | H64: =F64+G64 -> 30300000 | I64: =E64*H64 -> 30300000
C65: - Kwh Meter Digital 50A 3phase 380/220 V, 50Hz for KWH Induk | D65: 1 PCS
C66: - Kwh Meter Digital 50A 3phase 380/220 V, 50Hz for OPERATOR | D66: 4 PCS
C67: - Kwh Meter Digital 50A 1phase 220 V, 50Hz for OPERATOR
C68: - MCCB 3 Phase 50A for Main MCB (Adjustment 35A-50A) | D68: 1 PCS
C69: - MCB 3 Phase 10A for Outgoing to OPERATOR | D69: 4 PCS
C70: - MCB 1 Phase 16A for SPARE | D70: 1 PCS
C71: - MCB 1 Phase 10A for SPARE | D71: 2 PCS
B72: VI | C72: REMOTE UNIT ACTIVE SYSTEMS
B73: A | C73: CABLE FIBER OPTIC & ACCESSORIES
B74: 1 | C74: FO 48 core Duct Cable Singlemode (SM-D G652D 9/125um with wavelenght 1550nm) | D74: M | E74: 160 | G74: 5000 | H74: =F74+G74 -> 5000 | I74: =E74*H74 -> 800000
B75: B | C75: OPTICAL TERMINATION BOX (OTB) type WALLMOUNTED
B76: 1 | C76: ODP outdoor 48 core LC Type (include pigtail) | D76: UNIT | E76: 1 | F76: 3000000 | G76: 20000 | H76: =F76+G76 -> 3020000 | I76: =E76*H76 -> 3020000
B77: C | C77: SERVER RACK SYSTEM 19inch
B78: 1 | C78: 19" Wallmount Closed Rack 6U Depth 450mm Single Door (black colour) + 1pcs Wiring Cable Management | D78: UNIT | F78: 2500000 | G78: 250000 | H78: =F78+G78 -> 2750000 | I78: =E78*H78 -> 0
B79: D | C79: IMPLEMENTATION SERVICES
B80: 1 | C80: FO Termination/ Splicing | D80: CORE | E80: 96 | F80: 40000 | H80: =F80+G80 -> 40000 | I80: =E80*H80 -> 3840000
B81: 2 | C81: FO Testing & Commisioning + OTDR Report | D81: CORE | E81: 48 | F81: 40000 | H81: =F81+G81 -> 40000 | I81: =E81*H81 -> 1920000
B82: VII | C82: OTHERS
B83: 1 | C83: Pembuatan Gudang | D83: LS | E83: 1 | F83: 10000000 | G83: 3000000 | H83: =F83+G83 -> 13000000 | I83: =E83*H83 -> 13000000
B84: 2 | C84: Biaya Listrik, Air & Kebersihan | D84: LS | E84: 1 | G84: 2500000 | H84: =F84+G84 -> 2500000 | I84: =E84*H84 -> 2500000
B85: 3 | C85: Scafolding (4 Set) | D85: LS | E85: 1 | F85: 5000000 | H85: =F85+G85 -> 5000000 | I85: =E85*H85 -> 5000000 | J85: * Sewa 1 bulan
H86: TOTAL | I86: =SUM(I10:I85) -> 239068200
I89: =I86/50 -> 4781364
